 Dungeon Sprint DCSS version 0.17-a0-957-ga3519be (webtiles) character file.

5517 ahoge the Blocker (level 10, -2/72 HPs)
             Began as a Gargoyle Fighter on May 7, 2015.
             Was a High Priest of Okawaru.
             Killed from afar by a fire drake (22 damage)
             ... with a blast of flame
             ... in the Dungeon (Sprint IX: "|||||||||||||||||||||||||||||").
             The game lasted 00:04:55 (828 turns).

ahoge the Blocker (Gargoyle Fighter)                 Turns: 828, Time: 00:04:55

Health: -2/72      AC: 18    Str: 20    XL:     10   Next: 70%
Magic:  11/14      EV: 15    Int: 12    God:    Okawaru [*****.]
Gold:   15         SH: 13    Dex: 12    Spells: 0 memorised, 9 levels left

rFire  . . .     SeeInvis .     q - +2 morningstar (crush)
rCold  . . .     Clarity  .     a - +2 leather armour {rPois}
rNeg   + . .     SustAb   .     c - +0 shield
rPois  ∞         Gourm    .     (no helmet)
rElec  +         Spirit   .     r - +0 cloak
rCorr  .         Warding  .     s - +0 pair of gloves
rMut   .         NoTele   +     (no boots)
MR     .....                    (no amulet)
Stlth  ++........               v - +2 ring of protection
                                u - +3 ring of intelligence

@: finesse, not resistant to hostile enchantments, unstealthy
A: negative energy resistance 1, electricity resistance, unbreathing,
petrification resistance, rot immunity, AC +7
a: Heroism, Finesse, Renounce Religion


You were in the Dungeon.
You worshipped Okawaru.
Okawaru was extremely pleased with you.
You were not hungry.

You visited 1 branch You collected 15 gold pieces.

Inventory:

Hand weapons
 q - a +2 morningstar of crushing (weapon)
 y - a +0 great mace of distortion
Armour
 a - a +2 leather armour of poison resistance (worn)
 c - a +0 shield (worn)
 r - a +0 cloak (worn)
 s - a +0 pair of gloves (worn)
 t - a +1 chain mail
Jewellery
 u - a +3 ring of intelligence (left hand)
 v - a +2 ring of protection (right hand)
Magical devices
 p - a wand of draining (7)
Scrolls
 k - 2 scrolls of blinking
 l - 2 scrolls of enchant armour
 n - 4 scrolls of remove curse
 o - 2 scrolls of amnesia
 w - 2 scrolls of fear
 x - a scroll of fog
Potions
 b - a potion of brilliance
 d - 2 potions of might
 f - 5 potions of curing
 g - 7 potions of heal wounds
 h - a potion of haste
 i - 4 potions of magic
 j - 2 potions of berserk rage
 m - a potion of invisibility
Comestibles
 e - 2 bread rations
 z - 3 chunks of flesh


   Skills:
 + Level 12.9 Fighting
 + Level 12.8 Maces & Flails
 + Level 9.1 Armour
 + Level 7.5 Dodging
 + Level 3.3 Stealth
 + Level 13.5 Shields
 + Level 6.0 Invocations


You had 9 spell levels left.
You didn't know any spells.

Dungeon Overview and Level Annotations

Branches:
Dungeon (1/1)

Altars:
Cheibriados
Dithmenos
Elyvilon
Fedhas
Gozag
Kikubaaqudgha
Makhleb
Nemelex Xobeh
Okawaru
Qazlal
Ru
Sif Muna
Trog
Vehumet
Xom
Yredelemnul
Zin
The Shining One
Beogh
Jiyva
Lugonu


Innate Abilities, Weirdness & Mutations

You are resistant to torment.
Your stone body is resilient (AC +7).
You are immune to poison.
You resist negative energy.
You are resistant to electric shocks.
You can survive without breathing.
You are immune to petrification.
You are immune to rotting.


Message History

You hit the fire drake but do no damage.
The fire drake is moderately wounded.
You closely miss the fire drake.
The fire drake is moderately wounded.
You block the fire drake's attack.
You hit the fire drake but do no damage.
The fire drake is moderately wounded.
The fire drake barely misses you.
You puncture the fire drake!
The fire drake is almost dead.
You barely miss the fire drake.
The fire drake is almost dead.
The fire drake closely misses you.
You barely miss the fire drake.
The fire drake is almost dead.
You barely miss the fire drake.
The fire drake is almost dead.
The fire drake breathes flames at you. The blast of flame hits you!
You die...

▓▓▓▓▓▓▓▓▓▓▓▓▓▓▓▓▓▓▓▓▓▓▓▓▓▓▓▓▓▓▓▓▓
....[)|..'_____________________'.
▓▓▓▓▓▓▓▓▓▓▓▓▓▓▓▓▓▓▓▓▓▓▓▓▓▓▓▓▓▓▓▓▓
.................................
▓▓▓▓▓▓▓▓▓▓▓▓▓▓▓▓▓▓▓▓▓▓▓▓▓▓▓▓▓▓▓▓▓
....Ylk@'.........%.....
▓▓▓▓▓▓▓▓▓▓▓▓▓▓▓▓▓▓▓▓▓▓▓▓


You could see a basilisk, a fire drake and a sheep.

Vanquished Creatures
  3 hydras (D)
  A skeletal warrior (D)
  2 hill giants (D)
  3 spiny frogs (D)
  A blink frog (D)
  2 hippogriffs (D)
  A water moccasin (D)
  2 porcupines (D)
  An eye of draining (D)
  A crocodile (D)
  2 giant frogs (D)
  A killer bee (D)
  A crimson imp (D)
  2 iguanas (D)
  A worker ant (D)
  A river rat (D)
  A gnoll (D)
  An adder zombie (D)
  An orc (D)
  3 bats (D)
  A bat zombie (D)
  A giant cockroach (D)
  A hobgoblin (D)
  2 kobolds (D)
  A rat (D)
37 creatures vanquished.

Notes
Turn   | Place    | Note
--------------------------------------------------------------
     0 | D        | ahoge, the Gargoyle Fighter, began the quest for the Orb.
     0 | D        | Reached XP level 1. HP: 14/14 MP: 1/1
    31 | D        | Noticed a crimson imp
    31 | D        | Noticed a worker ant
    39 | D        | Killed a worker ant
    39 | D        | Reached skill level 4 in Fighting
    39 | D        | Reached XP level 2. HP: 17/20 MP: 2/2
    39 | D        | Reached XP level 3. HP: 20/24 MP: 3/3
    43 | D        | Reached skill level 1 in Dodging
    43 | D        | Reached skill level 5 in Shields
    93 | D        | Killed a crimson imp
    93 | D        | Reached skill level 5 in Fighting
    93 | D        | Reached skill level 5 in Armour
    93 | D        | Reached XP level 4. HP: 22/31 MP: 4/4
   101 | D        | Found a glowing silver altar of Zin.
   101 | D        | Found a glowing golden altar of the Shining One.
   101 | D        | Found an ancient bone altar of Kikubaaqudgha.
   101 | D        | Found a basalt altar of Yredelemnul.
   101 | D        | Found a shimmering altar of Xom.
   101 | D        | Found a radiant altar of Vehumet.
   102 | D        | Found an iron altar of Okawaru.
   103 | D        | Found a burning altar of Makhleb.
   104 | D        | Found a deep blue altar of Sif Muna.
   105 | D        | Found a bloodstained altar of Trog.
   106 | D        | Found a sparkling altar of Nemelex Xobeh.
   107 | D        | Found a white marble altar of Elyvilon.
   108 | D        | Found a roughly hewn altar of Beogh.
   109 | D        | Found a viscous altar of Jiyva.
   110 | D        | Found a corrupted altar of Lugonu.
   112 | D        | Became a worshipper of Warmaster Okawaru
   114 | D        | Found a blossoming altar of Fedhas.
   115 | D        | Found a snail-covered altar of Cheibriados.
   116 | D        | Found a shadowy altar of Dithmenos.
   117 | D        | Found a stormy altar of Qazlal.
   118 | D        | Found an opulent altar of Gozag.
   119 | D        | Found a sacrificial altar of Ru.
   182 | D        | Noticed a hill giant
   182 | D        | Noticed a hill giant
   182 | D        | Noticed a hippogriff
   191 | D        | Killed a hippogriff
   191 | D        | Reached skill level 6 in Fighting
   191 | D        | Reached skill level 5 in Maces & Flails
   191 | D        | Reached skill level 7 in Shields
   191 | D        | Reached XP level 5. HP: 34/37 MP: 5/5
   197 | D        | Killed a hill giant
   197 | D        | Acquired Okawaru's first power
   197 | D        | Reached skill level 9 in Fighting
   197 | D        | Reached skill level 10 in Shields
   197 | D        | Reached XP level 6. HP: 28/46 MP: 6/6
   197 | D        | Reached XP level 7. HP: 31/51 MP: 7/7
   206 | D        | Killed a hill giant
   206 | D        | Reached skill level 5 in Dodging
   206 | D        | Reached skill level 11 in Shields
   206 | D        | Reached XP level 8. HP: 23/56 MP: 5/8
   389 | D        | Noticed a killer bee
   389 | D        | Noticed an eye of draining
   389 | D        | Noticed a four-headed hydra
   389 | D        | Noticed a skeletal warrior
   389 | D        | Noticed a giant frog
   417 | D        | Killed a skeletal warrior
   417 | D        | Reached skill level 10 in Fighting
   421 | D        | Killed a four-headed hydra
   421 | D        | Acquired Okawaru's second power
   421 | D        | Reached skill level 10 in Maces & Flails
   421 | D        | Reached skill level 1 in Stealth
   421 | D        | Reached skill level 12 in Shields
   421 | D        | Reached XP level 9. HP: 27/64 MP: 0/11
   426 | D        | Killed a giant frog
   430 | D        | Killed an eye of draining
   433 | D        | Killed a killer bee
   713 | D        | Noticed a hippogriff
   713 | D        | Noticed a blink frog
   713 | D        | Noticed a water moccasin
   713 | D        | Noticed a porcupine
   713 | D        | Noticed a spiny frog
   716 | D        | Killed a spiny frog
   717 | D        | Noticed a crocodile
   719 | D        | Noticed a giant frog
   723 | D        | Noticed a five-headed hydra
   726 | D        | Killed a porcupine
   733 | D        | Killed a water moccasin
   736 | D        | Killed a blink frog
   741 | D        | Killed a hippogriff
   741 | D        | Reached XP level 10. HP: 48/71 MP: 5/13
   743 | D        | Killed a crocodile
   750 | D        | Killed a five-headed hydra
   750 | D        | Received a gift from Okawaru
   750 | D        | Reached skill level 13 in Shields
   750 | D        | Reached skill level 5 in Invocations
   757 | D        | Killed a giant frog
   777 | D        | Noticed a spiny frog
   777 | D        | Noticed a porcupine
   777 | D        | Noticed an eight-headed hydra
   777 | D        | Noticed a spiny frog
   777 | D        | Noticed an iguana
   777 | D        | Noticed an iguana
   780 | D        | Noticed a fire drake
   782 | D        | Killed an iguana
   789 | D        | Killed an eight-headed hydra
   791 | D        | Killed an iguana
   795 | D        | Killed a spiny frog
   799 | D        | Noticed a basilisk
   799 | D        | Killed a porcupine
   812 | D        | Killed a spiny frog
   828 | D        | Killed from afar by a fire drake

Action                   |  1- 3 |  4- 6 |  7- 9 | 10-12 || total
-------------------------+-------+-------+-------+-------++-------
Melee: Flail             |    58 |       |       |       ||    58
       Morningstar       |       |    15 |    76 |    41 ||   132
Invok: Heroism           |       |       |     3 |       ||     3
       Finesse           |       |       |     1 |       ||     1
 Stab: Sleeping          |       |       |     1 |       ||     1
